[Event "ICC tourney 2260 (3 2)"]
[Site "Internet Chess Club"]
[Date "2020.12.31"]
[Round "9"]
[White "martinjames28"]
[Black "chessmonkey05"]
[Result "0-1"]
[ICCResult "White forfeits on time"]
[WhiteElo "1196"]
[BlackElo "1617"]
[Opening "Neo-Grünfeld defense"]
[ECO "D70"]
[NIC "KI.80"]
[Time "14:23:50"]
[PlyCount "92"]
[TimeControl "180+2"]

1. d4 Nf6 2. c4 g6 3. f3 d5 4. cxd5 Nxd5 5. e4 Nb6 6. Nc3 Bg7 7. Be3 O-O 8.
Bb5 c6 9. Be2 Qc7 10. Qd2 Rd8 11. O-O-O Na6 12. a3 e6 13. h4 c5 14. Bf4 Qc6
15. Bb5 Rxd4 16. Qc2 Rxd1+ 17. Kxd1 Bd7 18. Bxc6 Bxc6 19. Nge2 Rd8+ 20. Kc1
c4 21. Rd1 Nd7 22. Nd4 Nac5 23. Nxc6 bxc6 24. Na4 Nd3+ 25. Rxd3 cxd3 26.
Qxd3 Bf6 27. Bg5 Kg7 28. Bxf6+ Kxf6 29. Nc5 Ke7 30. Nxd7 Rxd7 31. Qa6 Rc7
32. Qa5 Kd7 33. Qe5 h5 34. Qg7 Kd6 35. f4 c5 36. Qe5+ Kd7 37. f5 c4 38.
fxg6 fxg6 39. Qg7+ Kd6 40. Qxg6 c3 41. e5+ Kd5 42. Qd3+ Kxe5 43. Qg3+ Kd5
44. Qxc7 cxb2+ 45. Kxb2 e5 46. Qxa7 e4 { White forfeits on time } 0-1

[Event "ICC tourney 2260 (3 2)"]
[Site "Internet Chess Club"]
[Date "2020.12.31"]
[Round "9"]
[White "ranu540"]
[Black "kittypuppy"]
[Result "1-0"]
[ICCResult "Black checkmated"]
[WhiteElo "1296"]
[BlackElo "1135"]
[Opening "Caro-Kann: exchange variation"]
[ECO "B13"]
[NIC "CK.02"]
[Time "14:24:17"]
[PlyCount "119"]
[TimeControl "180+2"]

1. e4 c6 2. d4 d5 3. exd5 cxd5 4. Nc3 Bf5 5. Nf3 e6 6. Bd3 Bg6 7. O-O Bd6
8. Bg5 Qc7 9. h3 Nf6 10. Bxf6 gxf6 11. Bb5+ Nc6 12. Re1 Rg8 13. Nxd5 Qb8
14. Nxf6+ Kf8 15. Nd7+ Ke7 16. Nxb8 Raxb8 17. d5 Bf5 18. Kh1 Nb4 19. dxe6
fxe6 20. a3 Nxc2 21. Qd2 Nxa1 22. Rxa1 Rg7 23. Rd1 Rd8 24. Nh4 Be4 25. f3
Bg6 26. Nxg6+ Rxg6 27. Qd4 Bc7 28. Qc5+ Kf6 29. Rxd8 Bxd8 30. Qd4+ Ke7 31.
Qh4+ Rf6 32. Qxh7+ Rf7 33. Qe4 b6 34. Qb7+ Kf6 35. Qc6 Rc7 36. Qe8 Rc1+ 37.
Kh2 Bc7+ 38. g3 Rc2+ 39. Kg1 Bxg3 40. Qd8+ Ke5 41. Qb8+ Kd5 42. Qxg3 Rc1+
43. Kf2 Rc2+ 44. Ke3 Rxb2 45. Qg5+ Kd6 46. Bd3 Ra2 47. h4 Rxa3 48. h5 Ra5
49. Qd8+ Kc5 50. h6 Ra1 51. Qd4+ Kc6 52. Qxa1 e5 53. Qxe5 b5 54. Bxb5+ Kb6
55. Ba6 Kxa6 56. h7 Kb6 57. h8=R a5 58. Rh6+ Kb7 59. Qe7+ Kc8 60. Rh8# {
Black checkmated } 1-0

[Event "ICC tourney 2260 (3 2)"]
[Site "Internet Chess Club"]
[Date "2020.12.31"]
[Round "9"]
[White "StevChess01"]
[Black "baldwinsthename"]
[Result "1-0"]
[ICCResult "Black checkmated"]
[WhiteElo "1684"]
[BlackElo "1228"]
[Opening "QGD: Marshall defense"]
[ECO "D06"]
[NIC "QP.08"]
[Time "14:24:08"]
[PlyCount "125"]
[TimeControl "180+2"]

1. d4 d5 2. c4 Nf6 3. cxd5 Nxd5 4. e4 Nf6 5. Nc3 e6 6. f3 Bb4 7. Ne2 a6 8.
Ng3 g6 9. Be3 Nc6 10. Be2 Bd7 11. O-O Ba5 12. a3 Bb6 13. Qd2 Qe7 14. Rfd1
O-O-O 15. b4 Be8 16. Na4 Ba7 17. Nc5 e5 18. d5 Nd4 19. Bxd4 exd4 20. Qxd4
h5 21. Qc4 Nd7 22. Rdc1 Kb8 23. Kh1 Nxc5 24. bxc5 Bb5 25. Qc2 Bxe2 26. Qxe2
Bxc5 27. Qc4 Ka8 28. Qxc5 Qxc5 29. Rxc5 h4 30. Ne2 g5 31. Rac1 Kb8 32. Rxc7
f6 33. Rf7 Rd6 34. Rcc7 Rb6 35. Kg1 Rc8 36. Rxc8+ Kxc8 37. Kf2 Kb8 38. Nd4
a5 39. Nf5 Rb2+ 40. Ke3 Rb3+ 41. Kd4 Rxa3 42. d6 Ra4+ 43. Kd5 Ra1 44. Ke6
Rd1 45. Rf8+ Ka7 46. d7 a4 47. d8=Q Rxd8 48. Rxd8 Ka6 49. Rd3 b5 50. Kxf6
b4 51. e5 a3 52. e6 a2 53. Rd1 b3 54. e7 b2 55. e8=Q a1=Q 56. Qc6+ Ka5 57.
Rd5+ Kb4 58. Qb5+ Kc3 59. Qc5+ Kb3 60. Nd4+ Ka2 61. Qa5+ Kb1 62. Qe1+ Ka2
63. Ra5# { Black checkmated } 1-0

[Event "ICC tourney 2260 (3 2)"]
[Site "Internet Chess Club"]
[Date "2020.12.31"]
[Round "9"]
[White "garfield92037"]
[Black "LuckyNessLover"]
[Result "1-0"]
[ICCResult "Black checkmated"]
[WhiteElo "1843"]
[BlackElo "1655"]
[Opening "Caro-Kann: Panov-Botvinnik attack"]
[ECO "B13"]
[NIC "CK.03"]
[Time "14:23:58"]
[PlyCount "137"]
[TimeControl "180+2"]

1. e4 d5 2. exd5 Nf6 3. c4 c6 4. Nc3 cxd5 5. d4 Bf5 6. Qb3 Nc6 7. Nf3 e6 8.
Qxb7 Nb4 9. Qb5+ Qd7 10. Kd1 Ng4 11. Be3 Nc2 12. Rc1 Ncxe3+ 13. fxe3 Nf2+
14. Ke2 Nxh1 15. cxd5 Qxb5+ 16. Nxb5 Rb8 17. Nc7+ Kd7 18. Ne5+ Ke7 19. Nc6+
Kf6 20. Nxb8 Bd6 21. Nd7+ Ke7 22. dxe6 fxe6 23. Ne5 Rc8 24. Nc6+ Kf6 25.
Nb5 Bxh2 26. Nbxa7 Ra8 27. Kf3 g5 28. g4 h5 29. gxf5 exf5 30. Kg2 Bg3 31.
Kxh1 Bf2 32. Rc3 Be1 33. Rb3 Bd2 34. Kg2 g4 35. Bc4 Kg5 36. Rd3 Bc1 37. b4
h4 38. Rc3 Bd2 39. Rb3 h3+ 40. Kh1 g3 41. Bf1 Kg4 42. Ne5+ Kh4 43. Nf3+ Kg4
44. Nxd2 Rh8 45. Be2+ Kg5 46. Nf3+ Kf6 47. Bf1 h2 48. Bg2 Kg6 49. b5 Kh5
50. b6 Kg4 51. b7 Rb8 52. Nc6 f4 53. Nxb8 fxe3 54. Rxe3 Kf4 55. Nxh2 Kxe3
56. Nf1+ Kf2 57. Nxg3 Kxg3 58. Na6 Kf2 59. b8=Q Ke2 60. Qe5+ Kd3 61. Qe4+
Kc3 62. d5 Kb2 63. d6 Ka1 64. d7 Kb2 65. d8=R Kc3 66. Rc8+ Kb2 67. Qb4+ Ka1
68. Rc1+ Kxa2 69. Bd5# { Black checkmated } 1-0

[Event "ICC tourney 2260 (3 2)"]
[Site "Internet Chess Club"]
[Date "2020.12.31"]
[Round "9"]
[White "el008"]
[Black "ThirstyMonster"]
[Result "1-0"]
[ICCResult "Black checkmated"]
[WhiteElo "1944"]
[BlackElo "1283"]
[Opening "Sicilian defense"]
[ECO "B44"]
[NIC "SI.39"]
[Time "14:24:03"]
[PlyCount "145"]
[TimeControl "180+2"]

1. e4 c5 2. Nf3 e6 3. d4 cxd4 4. Nxd4 Nc6 5. c4 Nf6 6. Nc3 Bb4 7. f3 Qa5 8.
Nb5 O-O 9. a3 a6 10. Rb1 axb5 11. axb4 Qxb4 12. cxb5 Nd4 13. Be3 e5 14. Bd3
Ra2 15. Qd2 Ra8 16. O-O d6 17. Nd5 Nxd5 18. exd5 Qxd2 19. Bxd2 Bd7 20. b6
Bb5 21. Bxb5 Nxb5 22. Ra1 Rfc8 23. Rfc1 Rxc1+ 24. Rxc1 h6 25. Rc4 Ra6 26.
Rb4 Nd4 27. Kf2 g6 28. g3 Kg7 29. f4 f6 30. h4 Ra2 31. g4 Ra6 32. g5 hxg5
33. hxg5 f5 34. fxe5 dxe5 35. Bc3 Kf7 36. Bxd4 exd4 37. Rxd4 Rxb6 38. Rd2
Ke7 39. Ke3 Kd6 40. Kd4 Rb4+ 41. Kc3 Rb5 42. Rh2 Rc5+ 43. Kb4 Rxd5 44. Rh6
Ke5 45. Rxg6 f4 46. Rf6 Ke4 47. g6 Rg5 48. Kc3 Ke3 49. Re6+ Kf2 50. Kd2 f3
51. Rf6 Kg2 52. Ke3 f2 53. Rxf2+ Kg3 54. Rf1 Kg2 55. Rf6 Kg3 56. Kd4 Kg4
57. b4 Kh5 58. Kc4 Kh6 59. Rb6 Kh5 60. Rb5 Kxg6 61. Rxg5+ Kxg5 62. Kc5 Kf6
63. Kb6 Ke7 64. Kxb7 Kd7 65. Kb6 Kc8 66. Kc6 Kb8 67. b5 Kc8 68. b6 Kb8 69.
b7 Ka7 70. Kc7 Ka6 71. b8=Q Ka5 72. Qb3 Ka6 73. Qa4# { Black checkmated }
1-0

[Event "ICC tourney 2260 (3 2)"]
[Site "Internet Chess Club"]
[Date "2020.12.31"]
[Round "9"]
[White "Mozart1"]
[Black "Chessnutt2014"]
[Result "0-1"]
[ICCResult "White checkmated"]
[WhiteElo "1836"]
[BlackElo "1941"]
[Opening "Sicilian: Anderssen variation"]
[ECO "B41"]
[NIC "SI.41"]
[Time "14:23:56"]
[PlyCount "200"]
[TimeControl "180+2"]

1. e4 c5 2. Nf3 e6 3. d4 cxd4 4. Nxd4 Nf6 5. Nc3 Nc6 6. Bg5 Be7 7. Nxc6
bxc6 8. e5 Nd5 9. Bxe7 Qxe7 10. Nxd5 cxd5 11. c3 Qg5 12. Qd4 O-O 13. h4 Qg6
14. O-O-O a5 15. g4 Ba6 16. Bxa6 Rxa6 17. Rhg1 Qh6+ 18. g5 Qh5 19. Qg4 Qxg4
20. Rxg4 Rb8 21. Rdd4 Rab6 22. b3 Rc8 23. Kb2 Rbc6 24. Rg3 d6 25. exd6 Rxd6
26. f4 Kf8 27. Ra4 Ra8 28. Rd3 Rb6 29. Kc2 Ke7 30. c4 dxc4 31. Rxc4 Rb7 32.
a3 Raa7 33. Kc3 f6 34. Re3 Rc7 35. Re4 h6 36. gxh6 gxh6 37. Rd4 Rxc4+ 38.
Kxc4 h5 39. b4 axb4 40. axb4 Rc7+ 41. Kb5 e5 42. Re4 Kd6 43. fxe5+ fxe5 44.
Kb6 Rc1 45. b5 Kd5 46. Re2 e4 47. Ka7 Ra1+ 48. Kb7 Kd4 49. b6 Kd3 50. Rb2
e3 51. Kc7 e2 52. Rb3+ Kc2 53. b7 e1=Q 54. b8=Q Qe5+ 55. Kc8 Qe6+ 56. Kd8
Qxb3 57. Qh2+ Kc3 58. Qe5+ Kd3 59. Qxa1 Qd5+ 60. Ke8 Qe6+ 61. Kf8 Qf5+ 62.
Ke8 Qe4+ 63. Kd7 Qg4+ 64. Kc7 Qf4+ 65. Kb7 Qe4+ 66. Kc7 Qc4+ 67. Kb7 Qf7+
68. Kc6 Qe6+ 69. Kc7 Qe7+ 70. Kc6 Qe8+ 71. Kb6 Qd8+ 72. Kc6 Qc8+ 73. Kb6
Qe6+ 74. Kc5 Qf5+ 75. Kc6 Qe4+ 76. Kc7 Qc4+ 77. Kb7 Qb3+ 78. Ka8 Qd5+ 79.
Kb8 Qb5+ 80. Kc8 Qc4+ 81. Kb8 Qb4+ 82. Kc8 Qc3+ 83. Qxc3+ Kxc3 84. Kd7 Kd4
85. Ke6 Ke4 86. Kf6 Kf4 87. Kg6 Kg4 88. Kf6 Kxh4 89. Kf5 Kg3 90. Kg5 h4 91.
Kh5 h3 92. Kg5 h2 93. Kf5 h1=Q 94. Kg6 Qd5 95. Kf6 Kg4 96. Ke7 Qc6 97. Kd8
Qb7 98. Ke8 Kf5 99. Kf8 Kf6 100. Kg8 Qg7# { White checkmated } 0-1

[Event "ICC tourney 2260 (3 2)"]
[Site "Internet Chess Club"]
[Date "2020.12.31"]
[Round "10"]
[White "ritterfork"]
[Black "DualMoneytime"]
[Result "0-1"]
[ICCResult "White checkmated"]
[WhiteElo "1846"]
[BlackElo "1960"]
[Opening "French: King's Indian attack"]
[ECO "C00"]
[NIC "FR.02"]
[Time "14:38:51"]
[PlyCount "34"]
[TimeControl "180+2"]

1. e4 e6 2. d3 d5 3. Qe2 dxe4 4. dxe4 e5 5. Nf3 Nc6 6. c3 Nf6 7. g3 Bc5 8.
Bg2 a5 9. a4 b6 10. O-O Ba6 11. Qd1 Bxf1 12. Qxf1 Ng4 13. Qb5 Qd1+ 14. Bf1
O-O 15. Qxc6 Qxf3 16. Be3 Nxe3 17. fxe3 Bxe3# { White checkmated } 0-1

[Event "ICC tourney 2260 (3 2)"]
[Site "Internet Chess Club"]
[Date "2020.12.31"]
[Round "10"]
[White "michaelxiao"]
[Black "kurohaze"]
[Result "1-0"]
[ICCResult "Black checkmated"]
[WhiteElo "1318"]
[BlackElo "1168"]
[Opening "French: exchange variation"]
[ECO "C01"]
[NIC "FR.01"]
[Time "14:38:44"]
[PlyCount "55"]
[TimeControl "180+2"]

1. e4 e6 2. d4 d5 3. exd5 exd5 4. Nf3 Nf6 5. Nc3 Be7 6. Bg5 O-O 7. Bxf6
Bxf6 8. Bd3 Be6 9. O-O g6 10. Ne5 Nd7 11. Nxd7 Qxd7 12. Qf3 Bxd4 13. Ne2
Bxb2 14. Rab1 Bg7 15. Rxb7 Qc6 16. Rfb1 a5 17. Nd4 Qd6 18. Nxe6 fxe6 19.
Qe3 d4 20. Qe4 e5 21. Bc4+ Kh8 22. Qd5 Qf6 23. f3 Rad8 24. Qxa5 e4 25. fxe4
Qf2+ 26. Kh1 Qxc2 27. Qxc7 Qxe4 28. Qxg7# { Black checkmated } 1-0

[Event "ICC tourney 2260 (3 2)"]
[Site "Internet Chess Club"]
[Date "2020.12.31"]
[Round "10"]
[White "PearsonH"]
[Black "marinaxiao"]
[Result "1-0"]
[ICCResult "Black resigns"]
[WhiteElo "1756"]
[BlackElo "1556"]
[Opening "Queen's pawn: London system"]
[ECO "A45"]
[NIC "QP.07"]
[Time "14:38:01"]
[PlyCount "47"]
[TimeControl "180+2"]

1. d4 Nf6 2. Bf4 g6 3. Nc3 Bg7 4. e4 d6 5. Qd2 O-O 6. O-O-O a5 7. f3 c6 8.
Bh6 b5 9. g4 b4 10. Na4 Bd7 11. b3 c5 12. Nb2 a4 13. bxa4 Bxa4 14. Nxa4
Rxa4 15. Kb2 Ra7 16. Bxg7 Kxg7 17. h4 Qa5 18. Ra1 Qa3+ 19. Kb1 Na6 20. h5
cxd4 21. hxg6 Nc5 22. Qh6+ Kg8 23. gxh7+ Kh8 24. Qxf8+ { Black resigns }
1-0

[Event "ICC tourney 2260 (3 2)"]
[Site "Internet Chess Club"]
[Date "2020.12.31"]
[Round "10"]
[White "DrKnight01"]
[Black "VirginiaGuy"]
[Result "0-1"]
[ICCResult "White resigns"]
[WhiteElo "1216"]
[BlackElo "1371"]
[Opening "Queen's pawn game, Darooha variation "]
[ECO "D02"]
[NIC "QP.08"]
[Time "14:38:27"]
[PlyCount "54"]
[TimeControl "180+2"]

1. d4 d5 2. Nf3 Nf6 3. Nc3 g6 4. Bg5 Bg7 5. Bxf6 Bxf6 6. e3 O-O 7. Bd3 Bg4
8. h3 Be6 9. g4 Bg7 10. g5 Qd7 11. h4 Bf5 12. h5 Bxd3 13. Qxd3 Qg4 14. Qe2
Qg2 15. O-O-O Qg4 16. hxg6 fxg6 17. Nh2 Qxe2 18. Nxe2 Rxf2 19. Nc3 e6 20.
Nb5 c6 21. Nc3 Nd7 22. Rdf1 Raf8 23. Rxf2 Rxf2 24. b3 e5 25. dxe5 Bxe5 26.
Nd1 Rxh2 27. Rxh2 Bxh2 { White resigns } 0-1

[Event "ICC tourney 2260 (3 2)"]
[Site "Internet Chess Club"]
[Date "2020.12.31"]
[Round "10"]
[White "ZAPPAWITS"]
[Black "Purushottam123"]
[Result "0-1"]
[ICCResult "White resigns"]
[WhiteElo "1713"]
[BlackElo "1663"]
[Opening "Queen's bishop game"]
[ECO "D02"]
[NIC "QP.09"]
[Time "14:38:02"]
[PlyCount "62"]
[TimeControl "180+2"]

1. Nf3 d5 2. d4 Nf6 3. Bf4 c5 4. c3 Nc6 5. e3 Qb6 6. b3 Bf5 7. Bd3 Bxd3 8.
Qxd3 e6 9. O-O Be7 10. Nbd2 O-O 11. Rfb1 cxd4 12. cxd4 Nb4 13. Qe2 Nc2 14.
Rc1 Nxa1 15. Rxa1 Rac8 16. h3 Rc2 17. Qd3 Rfc8 18. g4 Bb4 19. g5 Nd7 20. a3
Bxd2 21. Nxd2 R8c3 22. Qe2 Qxb3 23. Rd1 Qb2 24. e4 dxe4 25. Qxe4 Rc1 26.
Rxc1 Rxc1+ 27. Kg2 Rc2 28. d5 Nc5 29. Qe5 Qxe5 30. Bxe5 Rxd2 31. dxe6 Nxe6
{ White resigns } 0-1

[Event "ICC tourney 2260 (3 2)"]
[Site "Internet Chess Club"]
[Date "2020.12.31"]
[Round "10"]
[White "Udonramen"]
[Black "MehPlayer"]
[Result "1-0"]
[ICCResult "Black resigns"]
[WhiteElo "1947"]
[BlackElo "1528"]
[Opening "English, 1...Nf6 (Anglo-Indian defense)"]
[ECO "A15"]
[NIC "EO.64"]
[Time "14:38:15"]
[PlyCount "37"]
[TimeControl "180+2"]

1. c4 Nf6 2. g3 c6 3. Bg2 d5 4. Nf3 g6 5. O-O Bg7 6. cxd5 cxd5 7. d3 Nc6 8.
Nc3 O-O 9. Bf4 d4 10. Na4 Nd5 11. Bd2 e5 12. Rc1 Bg4 13. h3 Be6 14. Nc5 Qe7
15. Nxe6 Qxe6 16. Qb3 Nc7 17. Qxb7 Ne7 18. Rxc7 Nd5 19. Ng5 { Black resigns
} 1-0

[Event "ICC tourney 2260 (3 2)"]
[Site "Internet Chess Club"]
[Date "2020.12.31"]
[Round "10"]
[White "sujashankar"]
[Black "NL008"]
[Result "1-0"]
[ICCResult "Black checkmated"]
[WhiteElo "1691"]
[BlackElo "1534"]
[Opening "Scotch: Potter variation"]
[ECO "C45"]
[NIC "SO.05"]
[Time "14:38:00"]
[PlyCount "67"]
[TimeControl "180+2"]

1. e4 e5 2. Nf3 Nc6 3. d4 exd4 4. Nxd4 Bc5 5. Nb3 Bb6 6. Qe2 d6 7. Nc3 Nge7
8. Be3 Bxe3 9. Qxe3 O-O 10. O-O-O a5 11. f3 Be6 12. g4 a4 13. Nd4 Nxd4 14.
Rxd4 Nc6 15. Rxa4 Rxa4 16. Nxa4 Qa8 17. Nc3 Nb4 18. a3 Na2+ 19. Nxa2 Bxa2
20. h4 Rb8 21. h5 b5 22. h6 g6 23. Qd4 Kf8 24. Qg7+ Ke7 25. e5 b4 26. exd6+
cxd6 27. b3 bxa3 28. Bc4 Rf8 29. Re1+ Kd7 30. Bxf7 Kc6 31. Qc3+ Kd7 32.
Be6+ Kd8 33. Qg7 Re8 34. Qd7# { Black checkmated } 1-0

[Event "ICC tourney 2260 (3 2)"]
[Site "Internet Chess Club"]
[Date "2020.12.31"]
[Round "10"]
[White "hackerguru"]
[Black "andrewj508"]
[Result "1-0"]
[ICCResult "Black resigns"]
[WhiteElo "1756"]
[BlackElo "1270"]
[Opening "English opening"]
[ECO "A21"]
[NIC "EO.23"]
[Time "14:38:15"]
[PlyCount "69"]
[TimeControl "180+2"]

1. c4 e5 2. Nc3 Bc5 3. e3 Nc6 4. g3 d6 5. Bg2 Nf6 6. Nge2 O-O 7. O-O Re8 8.
d4 exd4 9. exd4 Bb6 10. h3 Bf5 11. Be3 Qc8 12. Kh2 Qd7 13. a3 a5 14. d5 Ne5
15. Bxb6 cxb6 16. b3 Nd3 17. Nd4 Bg6 18. Qd2 Ne5 19. f4 Nd3 20. f5 Nc5 21.
fxg6 h6 22. gxf7+ Qxf7 23. b4 axb4 24. axb4 Rxa1 25. Rxa1 Nce4 26. Nxe4
Nxe4 27. Qe3 Nf2 28. Ne6 Qh5 29. Qxf2 Qe5 30. Re1 Qc3 31. Rf1 Kh7 32. Qf5+
Kh8 33. Be4 Qd2+ 34. Rf2 Qxf2+ 35. Qxf2 { Black resigns } 1-0

[Event "ICC tourney 2260 (3 2)"]
[Site "Internet Chess Club"]
[Date "2020.12.31"]
[Round "10"]
[White "stephenwilly"]
[Black "Tombstone"]
[Result "1-0"]
[ICCResult "Black checkmated"]
[WhiteElo "1496"]
[BlackElo "1990"]
[Opening "Sicilian: Smith-Morra gambit"]
[ECO "B21"]
[NIC "SI.47"]
[Time "14:38:10"]
[PlyCount "73"]
[TimeControl "180+2"]

1. e4 c5 2. d4 cxd4 3. c3 Nf6 4. e5 Nd5 5. cxd4 Nc6 6. Nf3 d6 7. exd6 Qxd6
8. Bc4 Nb6 9. Bb3 e6 10. Nc3 Be7 11. O-O O-O 12. Nb5 Qd8 13. Bf4 Bf6 14.
Bd6 Re8 15. Nc7 Qxd6 16. Nxe8 Qd8 17. Nxf6+ Qxf6 18. Re1 a5 19. d5 Nd8 20.
dxe6 Bxe6 21. Bxe6 Nxe6 22. Rc1 h6 23. Qd6 Na4 24. b3 Nc3 25. Ne5 Nxa2 26.
Rc2 Nb4 27. Rc4 Rd8 28. Nd7 Qf5 29. Qe7 Kh7 30. g4 Qb5 31. Nf6+ gxf6 32.
Rxe6 Rd1+ 33. Kg2 Qd5+ 34. Rce4 Kg6 35. Qxf6+ Kh7 36. Qxh6+ Kg8 37. Re8# {
Black checkmated } 1-0

[Event "ICC tourney 2260 (3 2)"]
[Site "Internet Chess Club"]
[Date "2020.12.31"]
[Round "10"]
[White "tavit2"]
[Black "shrey16ultimate"]
[Result "0-1"]
[ICCResult "White checkmated"]
[WhiteElo "629"]
[BlackElo "1601"]
[Opening "Caro-Kann defense"]
[ECO "B10"]
[NIC "CK.01"]
[Time "14:38:07"]
[PlyCount "82"]
[TimeControl "180+2"]

1. e4 c6 2. f4 d5 3. exd5 cxd5 4. Nf3 Bf5 5. Be2 e6 6. d4 Nf6 7. O-O Nc6 8.
Nc3 Bd6 9. Bd3 Bg6 10. Be3 Qc7 11. Ne5 Nd7 12. Nxd7 Qxd7 13. Nb5 Bb8 14.
Qf3 Bxd3 15. cxd3 a6 16. Nc3 Ba7 17. Ne2 O-O 18. Qg3 Ne7 19. f5 Nxf5 20.
Rxf5 exf5 21. Bh6 g6 22. Bxf8 Rxf8 23. Rc1 Rc8 24. Rxc8+ Qxc8 25. Qe5 Qc2
26. Qe3 Qxb2 27. Qe8+ Kg7 28. Qe5+ Kg8 29. Qe8+ Kg7 30. Qe5+ Kf8 31. Qd6+
Ke8 32. Qe5+ Kf8 33. Qd6+ Kg7 34. Qe5+ f6 35. Qe7+ Kh6 36. Qe3+ g5 37. Qh3+
Kg6 38. Qf3 Bxd4+ 39. Nxd4 Qxd4+ 40. Kh1 Qa1+ 41. Qf1 Qxf1# { White
checkmated } 0-1

[Event "ICC tourney 2260 (3 2)"]
[Site "Internet Chess Club"]
[Date "2020.12.31"]
[Round "10"]
[White "Braveninja"]
[Black "kittypuppy"]
[Result "0-1"]
[ICCResult "White checkmated"]
[WhiteElo "384"]
[BlackElo "1135"]
[Opening "Caro-Kann defense"]
[ECO "B11"]
[NIC "CK.01"]
[Time "14:38:51"]
[PlyCount "40"]
[TimeControl "180+2"]

1. e4 c6 2. Nc3 d5 3. exd5 cxd5 4. Nf3 Nc6 5. d4 Bf5 6. Bb5 e6 7. O-O Bd6
8. Bg5 Qc7 9. a3 Nf6 10. b4 h6 11. Bxf6 gxf6 12. Rb1 Rg8 13. g3 Bh3 14. Re1
Bxg3 15. hxg3 Rxg3+ 16. Kh1 Bg2+ 17. Kg1 Rg8 18. Ne2 Bxf3+ 19. Kf1 Qh2 20.
Ng1 Qg2# { White checkmated } 0-1

[Event "ICC tourney 2260 (3 2)"]
[Site "Internet Chess Club"]
[Date "2020.12.31"]
[Round "10"]
[White "falcongw"]
[Black "MChessy"]
[Result "1-0"]
[ICCResult "Black resigns"]
[WhiteElo "1256"]
[BlackElo "1950"]
[Opening "Caro-Kann defense"]
[ECO "B10"]
[NIC "CK.01"]
[Time "14:38:13"]
[PlyCount "101"]
[TimeControl "180+2"]

1. e4 c6 2. Nf3 d5 3. exd5 cxd5 4. Bb5+ Bd7 5. Bxd7+ Nxd7 6. d4 Ngf6 7. c4
e6 8. Nc3 dxc4 9. O-O Bd6 10. d5 O-O 11. dxe6 fxe6 12. Qxd6 Qa5 13. Qe7
Rae8 14. Qd6 Qh5 15. Bg5 Ng4 16. h3 Rxf3 17. gxf3 Qxg5 18. fxg4 Ne5 19. f4
Qh4 20. Rf2 Nd3 21. Qd4 Nxf2 22. Qxf2 Qxh3 23. Qg2 Qe3+ 24. Qf2 Qh3 25. Re1
Qxg4+ 26. Kf1 Qh3+ 27. Qg2 Qd3+ 28. Re2 Rf8 29. Qe4 Qh3+ 30. Ke1 Qg3+ 31.
Kd2 Qxf4+ 32. Qxf4 Rxf4 33. Rxe6 Rf2+ 34. Ne2 Kf7 35. Rd6 h5 36. Rd7+ Ke6
37. Rxb7 a5 38. Ke3 Rh2 39. Rb5 h4 40. Rxa5 h3 41. Rh5 Rh1 42. Rxh3 Rxh3+
43. Ke4 Rh2 44. Kf3 Kd5 45. Nc3+ Kc5 46. Ne4+ Kd4 47. Nf2 Rxf2+ 48. Kxf2 c3
49. bxc3+ Kxc3 50. Kg3 Kb2 51. a4 { Black resigns } 1-0

[Event "ICC tourney 2260 (3 2)"]
[Site "Internet Chess Club"]
[Date "2020.12.31"]
[Round "10"]
[White "Kokosnuss1000"]
[Black "ranu540"]
[Result "0-1"]
[ICCResult "White resigns"]
[WhiteElo "1600"]
[BlackElo "1296"]
[Opening "Sicilian: accelerated fianchetto, modern variation"]
[ECO "B34"]
[NIC "SI.31"]
[Time "14:38:51"]
[PlyCount "84"]
[TimeControl "180+2"]

1. e4 c5 2. Nf3 Nc6 3. Nc3 g6 4. d4 cxd4 5. Nxd4 Bg7 6. Be3 Nf6 7. Be2 O-O
8. O-O d5 9. f4 dxe4 10. Nxc6 Qxd1 11. Raxd1 bxc6 12. Rd2 Be6 13. Rfd1 Nd5
14. Nxd5 cxd5 15. Bd4 Bxd4+ 16. Rxd4 Rab8 17. b3 Rfc8 18. c4 dxc4 19. bxc4
Rb2 20. Rd8+ Rxd8 21. Rxd8+ Kg7 22. a4 Rxe2 23. c5 Rc2 24. Ra8 Rxc5 25.
Rxa7 Rc1+ 26. Kf2 Kf6 27. h3 Rc2+ 28. Ke3 Rxg2 29. Kxe4 Rg3 30. a5 Rxh3 31.
a6 Ra3 32. Kd4 Bc8 33. Rc7 Bxa6 34. Rc6+ Kf5 35. Rc5+ Ke6 36. Re5+ Kd7 37.
f5 gxf5 38. Rxf5 Ra4+ 39. Ke5 Ra5+ 40. Ke4 Rxf5 41. Kxf5 h5 42. Kg5 Be2 {
White resigns } 0-1

[Event "ICC tourney 2260 (3 2)"]
[Site "Internet Chess Club"]
[Date "2020.12.31"]
[Round "10"]
[White "funpawn"]
[Black "TacoCat"]
[Result "0-1"]
[ICCResult "White forfeits on time"]
[WhiteElo "1765"]
[BlackElo "1882"]
[Opening "Petrov's defense"]
[ECO "C42"]
[NIC "RG.03"]
[Time "14:38:10"]
[PlyCount "78"]
[TimeControl "180+2"]

1. e4 e5 2. Nf3 Nf6 3. Nxe5 Nc6 4. Nxc6 dxc6 5. Nc3 Bc5 6. Bc4 Ng4 7. d4
Bxd4 8. Be3 Bxe3 9. Qxd8+ Kxd8 10. fxe3 Nxe3 11. Bxf7 Nxc2+ 12. Kd2 Nxa1
13. Rxa1 Ke7 14. Bb3 Be6 15. Bxe6 Kxe6 16. Ke3 Rad8 17. Ne2 Rhf8 18. Nf4+
Ke7 19. Rc1 Rd7 20. Nd3 Rfd8 21. Ne5 Rd2 22. Rf1 Rxg2 23. h4 Rxb2 24. Rg1
Rxa2 25. Rxg7+ Kf6 26. Rg5 h6 27. Ng4+ Ke6 28. Rg6+ Kf7 29. h5 Ra3+ 30. Kf4
Ra5 31. Nxh6+ Ke7 32. Nf5+ Kd7 33. h6 c5 34. Rg7+ Kc6 35. h7 Ra1 36. Rg8
Rh1 37. Rxd8 Rxh7 38. e5 c4 39. e6 c3 { White forfeits on time } 0-1

[Event "ICC tourney 2260 (3 2)"]
[Site "Internet Chess Club"]
[Date "2020.12.31"]
[Round "10"]
[White "Heliosis"]
[Black "DFKnights"]
[Result "0-1"]
[ICCResult "White forfeits on time"]
[WhiteElo "1880"]
[BlackElo "1802"]
[Opening "Ruy Lopez: old Steinitz defense"]
[ECO "C62"]
[NIC "RL.02"]
[Time "14:38:05"]
[PlyCount "62"]
[TimeControl "180+2"]

1. e4 e5 2. Nf3 Nc6 3. Bb5 d6 4. d4 exd4 5. Nxd4 Bd7 6. Nc3 Nf6 7. Be3 Be7
8. f3 O-O 9. Qd2 g6 10. g4 a6 11. Bxc6 bxc6 12. h4 Rb8 13. Nb3 a5 14. h5
Qc8 15. O-O-O Qa6 16. hxg6 fxg6 17. a4 Be6 18. Nd4 Bf7 19. b3 Rb4 20. Bg5
Qb6 21. Bxf6 Bxf6 22. Qh6 Re8 23. Qxh7+ Kf8 24. Qh6+ Bg7 25. Qf4 Rxd4 26.
Rxd4 Qxd4 27. Nb1 Qb2+ 28. Kd2 Re5 29. Rc1 Qd4+ 30. Ke2 d5 31. Rd1 Qb4 {
White forfeits on time } 0-1

[Event "ICC tourney 2260 (3 2)"]
[Site "Internet Chess Club"]
[Date "2020.12.31"]
[Round "10"]
[White "Feugon"]
[Black "chessrex"]
[Result "1-0"]
[ICCResult "Black checkmated"]
[WhiteElo "1982"]
[BlackElo "1958"]
[Opening "Nimzovich-Larsen attack: modern variation"]
[ECO "A01"]
[NIC "VO.08"]
[Time "14:38:11"]
[PlyCount "85"]
[TimeControl "180+2"]

1. b3 e5 2. Bb2 d5 3. e3 Nc6 4. Bb5 f6 5. d4 e4 6. c4 a6 7. Bxc6+ bxc6 8.
Ne2 f5 9. Nbc3 Nf6 10. Qc2 Bb4 11. a3 Bxc3+ 12. Qxc3 O-O 13. O-O Be6 14.
Rac1 Rf7 15. Nf4 Qd7 16. cxd5 cxd5 17. Qa5 Ne8 18. Rc2 g5 19. Nxe6 Qxe6 20.
Rfc1 f4 21. Rc6 Qg4 22. exf4 gxf4 23. h3 Qg5 24. Rxa6 f3 25. g3 Rxa6 26.
Qxa6 Qf5 27. Qf1 Rf6 28. Rc3 Rh6 29. Kh2 Nf6 30. Bc1 Ng4+ 31. Kg1 Rh5 32.
hxg4 Qxg4 33. Rxc7 Rh3 34. Bf4 Qh5 35. Rc8+ Kf7 36. Rc7+ Kg6 37. Qa6+ Kf5
38. Qc8+ Kf6 39. Rc6+ Kg7 40. Qd7+ Qf7 41. Be5+ Kf8 42. Rc8+ Qe8 43. Rxe8#
{ Black checkmated } 1-0